 Dungeon Crawl Stone Soup version 0.21-a0-509-gecc5317 (webtiles) character file.

95 slep the Skirmisher (level 4, -4/40 HPs)
             Began as a Hill Orc Fighter on Nov 30, 2017.
             Killed by divine providence
             ... invoked by an orc priest
              (11 damage)
             ... on level 3 of the Dungeon.
             The game lasted 00:05:42 (1770 turns).

slep the Skirmisher (Hill Orc Fighter)              Turns: 1770, Time: 00:05:43

Health: -4/40      AC:  9    Str: 18    XL:     4   Next: 66%
Magic:  4/4        EV:  8    Int:  8    God:
Gold:   88         SH:  9    Dex: 11    Spells: 3/3 levels left

rFire    . . .     SeeInvis .   a - +0 long sword
rCold    . . .     Gourm    .   c - +0 shield
rNeg     . . .     Faith    .   q - +2 ring mail {rPois}
rPois    +         Spirit   .   r - +0 helmet
rElec    .         Reflect  .   (no cloak)
rCorr    .         Harm     .   (no gloves)
MR       .....                  (no boots)
Stlth    +.........             (no amulet)
HPRegen  0.13/turn              (no ring)
MPRegen  0.09/turn              (no ring)

@: no status effects
A: no striking features
a: Convert to Beogh


You were on level 3 of the Dungeon.
You were hungry.

You visited 1 branch of the dungeon, and saw 3 of its levels.

You collected 88 gold pieces.

Inventory:

Hand Weapons
 a - a +0 long sword (weapon)
Missiles
 o - 4 needles of sleeping
Armour
 b - a +0 scale mail
 c - a +0 shield (worn)
 q - a +2 ring mail of poison resistance (worn)
 r - a +0 helmet (worn)
Scrolls
 e - 3 scrolls of immolation {unknown}
 i - 2 scrolls of blinking {unknown}
 k - 2 scrolls of remove curse {unknown}
 m - a scroll of enchant armour {unknown}
 n - a scroll of teleportation {unknown}
 s - a scroll of enchant weapon {unknown}
Potions
 d - 2 potions of might
 h - a potion of lignification {unknown}
 j - 2 potions of curing {unknown}
 p - a potion of haste {unknown}
Books
 l - a book of Minor Magic

   Spells                             Type                      Level
   a - Magic Dart                     Conjuration                  1
   b - Blink                          Translocation                2
   c - Call Imp                       Summoning                    2
   d - Slow                           Hexes                        2
   e - Conjure Flame                  Conjuration/Fire             3
   f - Mephitic Cloud                 Conjuration/Poison/Air       3
Comestibles
 f - 3 bread rations
 g - 2 meat rations


   Skills:
 + Level 4.2 Fighting
 + Level 3.4 Long Blades
 + Level 4.0 Armour
 + Level 0.1 Dodging
 + Level 0.6 Stealth
 + Level 3.8 Shields


You had 3 spell levels left.
You didn't know any spells.

Dungeon Overview and Level Annotations

Branches:
Dungeon (3/15)

Altars:
Nemelex Xobeh


Message History

You closely miss the orc priest.
The orc priest is severely wounded.
The orc hits you with a war axe. The orc hits you with a mace.
The orc priest hits you but does no damage.
You hit the orc priest.
The orc priest is almost dead.
You block the orc's attack. The orc hits you with a mace.
You block the orc priest's attack. The orc hits you with a war axe.
You closely miss the orc priest.
The orc priest is almost dead.
The orc hits you with a mace. You block the orc priest's attack.
You block the orc's attack.
You barely miss the orc priest.
The orc priest is almost dead.
The orc hits you but does no damage. You block the orc priest's attack.
The orc hits you with a war axe!
* * * LOW HITPOINT WARNING * * *
The orc priest calls down the wrath of Beogh upon you.
Beogh smites you!
You die...

####### ##### #.....#
#...# ##.###.###...###
##.###.#.......######
##.##...)........!..###
##.#.(.#..............#
##....(###...#)#@o#.#.#
.......# #...#.#oo#
###...## #####.#o... #
##.## #.#.#..# # #.#
#.#.#..# #.# #.#.#..#
#+# #.... .. ### ###


You could see an orc priest and 3 orcs.

Vanquished Creatures
  Robin (D:3)
  2 adders (D:3)
  3 dart slugs
  2 leopard geckos
  5 orcs (D:3)
  2 giant cockroaches
  10 goblins
  7 hobgoblins
  A quokka (D:3)
  3 ball pythons
  A bat (D:1)
  3 frilled lizards
  7 kobolds
  6 rats
  A plant (D:1)
54 creatures vanquished.

Vanquished Creatures (others)
  A plant (D:1)
1 creature vanquished.

Grand Total: 55 creatures vanquished

Notes
Turn   | Place    | Note
-------+----------+-------------------------------------------
     0 | D:1      | slep the Hill Orc Fighter began the quest for the Orb.
     0 | D:1      | Reached XP level 1. HP: 19/19 MP: 1/1
   312 | D:1      | Reached XP level 2. HP: 25/27 MP: 2/2
   743 | D:2      | Reached XP level 3. HP: 33/33 MP: 3/3
   966 | D:2      | Found a sparkling altar of Nemelex Xobeh.
  1230 | D:3      | Reached XP level 4. HP: 32/40 MP: 4/4
  1308 | D:3      | Noticed Robin
  1326 | D:3      | Killed Robin
  1770 | D:3      | Killed from afar by an orc priest

Vault maps used:
D:1:      dpeg_arrival_snail, lexackson_kobold_supper
D:2:      lemuel_doored_altar
D:3:      first_bread, kennysheep_generic_room_13, uniq_robin

Skill      XL: |  1  2  3  4 |
---------------+-------------+-----
Long Blades    | 3 |  3.4
Fighting       | 4 |  4.2
Armour         | 4 |  4.0
Dodging        | |  0.1
Stealth        | |  0.6
Shields        | |  3.8

Action                   |  1- 3 |  4- 6 || total
-------------------------+-------+-------++-------
Melee: Long sword        |   183 |    76 ||   259
  Eat: Chunk             |     1 |     2 ||     3
Armor: Scale mail        |    60 |    22 ||    82
       Ring mail         |       |    11 ||    11
Dodge: Dodged            |    43 |    26 ||    69
Block: Shield            |    66 |    43 ||   109
       Rpst.: Long sword |    18 |     7 ||    25

Table legend:
 A = Spawn XP
 B = Non-spawn XP
 C = Spawn XP percentage of total XP
 D = Spawn monster count
 E = Non-spawn monster count
 F = Spawn count percentage of total count
 G = Total turns spent on level
                    A         B        C        D         E        F      G
               +---------+---------+-------+---------+---------+-------+---------
         Total |       0 |     137 |   0.0 |       0 |      53 |   0.0 |  1770
               +---------+---------+-------+---------+---------+-------+---------
           D:1 |       0 |      32 |   0.0 |       0 |      19 |   0.0 |   733
           D:2 |       0 |      24 |   0.0 |       0 |      12 |   0.0 |   441
           D:3 |       0 |      81 |   0.0 |       0 |      22 |   0.0 |   596
               +---------+---------+-------+---------+---------+-------+---------
